Map: Vaani Research Station (Void)

Players

thermy (uThermal) - Winner!

  • Race: Terran Terran
  • League: Master
  • Spawn Location: 6:00

Rex

  • Race: Zerg Zerg
  • League: Master
  • Spawn Location: 12:00

Event: NationWars IV

VOD

Have the link to the VOD?

Description

Time

  • Played on: Jan. 2, 2017, 3:22 p.m.
  • Length: 14:40
Show
View Real Time Build Order
Export as new Build Order

thermy Terran - Winner!

Build Orders: Reaper Expand, Bio Mine 

Get SALT Encoding   

  12  0:01  SCV  
  13  0:13  SCV  
  14  0:17  Supply Depot  
  14  0:25  SCV  
  15  0:39  SCV  
  15  0:40  Barracks  
  16  0:46  Refinery  
  16  0:51  SCV  
  17  1:03  SCV  
  18  1:15  SCV  
  19  1:27  Orbital Command  
  19  1:30  Reaper  
  20  1:42  Command Center  
  20  1:53  SCV  
  21  1:58  Barracks  
  21  2:03  Barracks Reactor  
  21  2:05  SCV  
  22  2:14  Supply Depot  
  22  2:17  SCV  
  22  2:19  Refinery  
  23  2:35  SCV  
  24  2:39  Factory  
  24  2:40  Marine x2  
  26  2:45  Barracks Tech Lab  
  26  2:48  SCV  
  27  2:55  Orbital Command  
  27  3:00  SCV  
  27  3:04  Marine, Stimpack  
  29  3:07  Marine  
  29  3:08  Marine  
  29  3:12  SCV  
  32  3:22  SCV  
  32  3:24  SCV  
  32  3:26  Starport  
  34  3:31  Factory Reactor  
  34  3:33  Marine  
  35  3:34  SCV  
  35  3:36  SCV  
  35  3:39  Marine, Supply Depot  
  35  3:41  Marine  
  39  3:46  SCV  
  41  3:48  SCV  
  41  3:51  Marine  
  42  3:57  Marine  
  42  3:58  SCV  
  42  4:00  SCV  
  44  4:03  Marine, Supply Depot  
  44  4:09  Marine  
  46  4:12  Medivac x2  
  46  4:15  Marine  
  51  4:18  SCV x2  
  51  4:21  Marine  
  54  4:25  Engineering Bay  
  54  4:26  Engineering Bay  
  54  4:27  Marine  
  54  4:28  Refinery  
  55  4:33  Marine  
  55  4:35  Supply Depot, SCV x2  
  58  4:39  Marine  
  58  4:45  Marine  
  60  4:46  Medivac  
  60  4:52  Supply Depot  
  62  4:56  Marine, SCV x2, Widow Mine  
  62  4:57  Terran Infantry Weapons Level 1  
  62  4:59  Marine  
  68  5:02  Terran Infantry Armor Level 1  
  68  5:03  Marine  
  69  5:08  SCV  
  69  5:11  Supply Depot  
  69  5:13  SCV  
  69  5:14  Marine  
  71  5:17  Marine  
  71  5:20  SCV  
  71  5:21  Marine  
  75  5:25  SCV  
  76  5:32  Combat Shields, SCV  
  77  5:35  Command Center  
  77  5:36  Marine x2  
  77  5:38  Marine, SCV  
  81  5:46  Factory Reactor  
  81  5:48  Barracks  
  81  5:50  Supply Depot  
  81  5:53  SCV  
  81  5:54  Marine x2, Armory  
  84  5:58  SCV  
  84  6:00  Marine  
  84  6:03  Refinery  
  86  6:11  SCV x2  
  86  6:12  Liberator x2  
  88  6:19  Marine  
  88  6:24  SCV x2  
  89  6:32  Marine  
  94  6:37  Barracks  
  94  6:38  Barracks  
  94  6:47  Marine x3, SCV x2  
  94  6:52  Supply Depot x2  
  99  6:57  Terran Infantry Weapons Level 2  
  99  6:59  Terran Infantry Armor Level 2, SCV x2  
  97  7:10  Marine x3  
  97  7:11  SCV x2  
  100  7:18  Orbital Command  
  100  7:19  Medivac  
  100  7:22  Marine, Medivac  
  104  7:25  Marine  
  104  7:27  Marine  
  104  7:30  Marine, SCV  
  104  7:31  Marine  
  104  7:35  Factory Reactor  
  104  7:37  SCV, Barracks Reactor x2  
  102  7:41  Marine  
  102  7:42  Bunker  
  102  7:43  Marine  
  105  7:46  SCV  
  105  7:47  SCV  
  105  7:48  Marine x3  
  110  7:52  SCV  
  110  7:53  Refinery x2  
  110  7:54  Supply Depot  
  110  7:58  SCV  
  112  7:59  Marine, SCV  
  112  8:01  Marine  
  115  8:06  Marine x3  
  115  8:08  SCV  
  115  8:11  SCV  
  120  8:14  Marine  
  120  8:16  Marine  
  120  8:17  Marine  
  120  8:19  Marine  
  122  8:20  Marine x2  
  122  8:24  Marine  
  122  8:25  Marine, Factory  
  122  8:26  Marine  
  126  8:27  Starport  
  126  8:32  Marine  
  126  8:34  Marine  
  121  8:39  Marine x3, SCV  
  121  8:40  Widow Mine  
  121  8:41  Medivac x2, Widow Mine  
  112  8:42  Marine x2  
  112  8:45  Marine  
  113  8:49  Marine x2  
  113  8:55  Marine  
  115  8:57  Marine  
  115  8:58  Command Center  
  115  8:59  Marine  
  118  9:03  Supply Depot x2  
  118  9:04  Supply Depot  
  118  9:07  Starport Reactor, Marine x2  
  118  9:09  Widow Mine  
  122  9:11  Marine, Factory Tech Lab  
  122  9:12  Supply Depot  
  122  9:14  Terran Infantry Weapons Level 3  
  123  9:17  Terran Infantry Armor Level 3  
  123  9:18  Marine x2  
  123  9:19  Marine  
  123  9:20  Marine x2  
  123  9:23  Widow Mine  
  128  9:24  Marine  
  128  9:28  Supply Depot  
  128  9:29  Liberator x2  
  128  9:30  Liberator  
  128  9:37  Marine  
  124  9:38  Drilling Claws  
  124  9:39  Marine x2, Widow Mine x2  
  124  9:41  Liberator  
  139  9:59  Marine x3  
  129  10:00  Widow Mine  
  129  10:01  Marine x2  
  129  10:06  Marine  
  135  10:07  Widow Mine  
  135  10:08  Marine  
  135  10:09  Marine x2  
  139  10:18  Marine  
  139  10:19  Marine  
  139  10:21  Widow Mine  
  141  10:27  Missile Turret, Marine  
  144  10:29  Medivac x2  
  144  10:30  Medivac  
  144  10:33  Marine  
  144  10:35  Missile Turret, Marine, Widow Mine  
  154  10:43  Marine  
  154  10:44  Marine x2  
  154  10:49  Marine  
  158  10:50  Marine x3  
  158  10:51  Marine  
  158  10:53  Marine  
  161  11:01  Marine, Widow Mine x2  
  161  11:02  Marine x2, Medivac  
  157  11:06  Marine  
  157  11:08  Marine x2  
  157  11:09  Marine x2, Planetary Fortress  
  157  11:11  Marine  
  154  11:18  Widow Mine  
  154  11:19  Marine x2  
  154  11:20  Marine  
  154  11:24  Marine  
  160  11:26  Marine  
  160  11:28  Marine x2  
  160  11:29  Marine  
  160  11:30  Marine, Medivac  
  165  11:37  Marine x2  
  165  11:38  Marine  
  165  11:39  Medivac  
  170  11:42  Marine  
  170  11:43  Marine  
  170  11:46  Marine x3  
  163  11:48  Marine  
  160  11:54  Thor, Widow Mine x2  
  160  11:55  Marine x2  
  160  11:56  Marine  
  160  12:00  Marine  
  174  12:01  Marine  
  174  12:04  Marine x3  
  174  12:05  Marine  
  178  12:12  Marine  
  178  12:13  Marine x2  
  172  12:16  Liberator x3  
  172  12:17  Liberator  
  172  12:18  Marine  
  172  12:19  Marine  
  172  12:22  Marine x3  
  159  12:27  Marine  
  139  12:30  Marine  
  139  12:31  Marine x2, Widow Mine x2  
  139  12:36  Marine  
  159  12:37  Marine, Widow Mine  
  159  12:39  Marine  
  159  12:40  Marine x2  
  159  12:45  Marine  
  159  12:48  Marine  
  159  12:49  Marine x2  
  160  12:51  Command Center  
  160  12:53  Marine  
  160  12:55  Marine  
  160  12:57  Marine x2  
  160  12:58  Marine  
  161  13:02  Marine  
  161  13:07  Unknown x3  
  140  13:13  Marine x5  
  140  13:15  Marine x2  
  140  13:16  Marine, Medivac  
  140  13:17  Widow Mine x2  
  140  13:19  Medivac  
  144  13:20  Marine, Medivac  
  147  13:30  Widow Mine  
  147  13:31  Marine x5, Medivac  
  147  13:33  Marine x2  
  147  13:34  Marine  
  156  13:38  Marine  
  158  13:45  Widow Mine  
  158  13:46  Medivac  
  152  13:49  Marine x5  
  152  13:51  Marine  
  156  13:57  Widow Mine  
  156  13:58  Widow Mine  
  156  13:59  Marine x2  
  156  14:00  Marine  
  163  14:04  Medivac  
  163  14:07  Marine x5  
  163  14:08  Marine  
  167  14:17  Marine x3  
Show
View Real Time Build Order
Export as new Build Order

Rex Zerg 

Build Orders: Hatch First 

Get SALT Encoding   

  12  0:01  Drone  
  13  0:09  Drone  
  14  0:18  Overlord  
  14  0:23  Extractor  
  14  0:24  Drone  
  15  0:36  Drone  
  15  0:37  Drone  
  17  0:55  Hatchery  
  16  0:57  Drone  
  16  1:01  Drone  
  18  1:09  Extractor  
  17  1:21  Spawning Pool, Drone  
  17  1:24  Drone  
  18  1:27  Drone  
  19  1:38  Overlord  
  19  2:07  Queen  
  19  2:08  Zergling x4  
  23  2:09  Queen  
  23  2:11  Metabolic Boost  
  23  2:15  Drone  
  26  2:19  Drone  
  27  2:24  Drone  
  27  2:26  Drone  
  29  2:32  Spore Crawler  
  29  2:33  Drone  
  30  2:39  Drone  
  30  2:41  Drone  
  32  2:49  Pneumatized Carapace  
  33  2:51  Drone  
  33  2:52  Overlord  
  33  2:58  Queen  
  33  3:02  Drone  
  36  3:11  Drone  
  36  3:12  Drone  
  38  3:13  Drone  
  38  3:14  Drone  
  38  3:15  Drone  
  38  3:17  Drone x2  
  38  3:18  Drone  
  44  3:22  Overlord  
  44  3:30  Spore Crawler  
  43  3:38  Hatchery  
  43  3:48  Overlord, Drone x2  
  45  3:52  Queen x2  
  49  3:56  Overlord  
  49  3:57  Drone  
  49  3:58  Extractor, Drone  
  50  4:03  Overlord  
  50  4:04  Drone  
  50  4:06  Drone  
  50  4:09  Drone x2  
  54  4:10  Drone  
  55  4:17  Drone  
  55  4:18  Drone x2  
  58  4:26  Evolution Chamber  
  58  4:27  Zergling x6, Evolution Chamber  
  58  4:28  Zergling x2  
  60  4:34  Queen  
  60  4:36  Queen  
  64  4:40  Zergling x4  
  66  4:48  Zergling x8  
  66  4:52  Zergling x4  
  72  4:54  Overlord  
  72  4:57  Zerg Melee Weapons Level 1  
  72  5:01  Zerg Ground Armor Level 1  
  72  5:03  Zergling x2  
  72  5:04  Zergling x2  
  74  5:22  Drone x2  
  74  5:23  Baneling Nest  
  74  5:24  Lair  
  74  5:25  Drone  
  74  5:26  Drone  
  74  5:27  Drone  
  78  5:30  Spore Crawler  
  78  5:32  Spore Crawler, Drone x2  
  78  5:33  Drone  
  78  5:34  Drone x4  
  78  5:35  Drone  
  84  5:36  Drone  
  84  5:40  Drone  
  84  5:42  Drone  
  86  5:43  Drone  
  86  5:45  Overlord  
  86  5:46  Overlord  
  87  5:52  Zergling x4  
  87  5:53  Spore Crawler  
  88  6:01  Zergling x2  
  88  6:03  Queen  
  91  6:04  Overlord  
  91  6:05  Zergling x6  
  91  6:06  Zergling x4  
  91  6:08  Baneling x6  
  95  6:19  Zergling x12  
  90  6:31  Zergling x10  
  92  6:33  Spore Crawler, Overseer  
  92  6:36  Drone x2  
  92  6:38  Extractor, Drone  
  92  6:39  Extractor  
  92  6:44  Centrifical Hooks  
  92  6:47  Drone  
  91  7:06  Drone x2  
  88  7:12  Zergling x8  
  88  7:13  Zergling x20  
  96  7:16  Baneling  
  96  7:17  Baneling x8  
  96  7:22  Zergling x2, Spawning Pool  
  96  7:35  Drone x2  
  98  7:41  Hatchery  
  94  7:45  Drone x5  
  94  7:46  Drone  
  94  7:47  Zerg Melee Weapons Level 2  
  94  7:48  Drone, Queen  
  101  8:02  Spore Crawler  
  101  8:03  Zergling x14  
  104  8:18  Drone x3  
  98  8:22  Drone x2  
  100  8:31  Zergling x2, Hatchery  
  100  8:32  Zergling x14  
  95  8:48  Drone x4  
  97  8:49  Zergling x2  
  98  8:56  Zerg Ground Armor Level 2  
  98  8:57  Zergling x10  
  103  9:03  Zergling x2  
  103  9:04  Zergling x4, Spore Crawler  
  103  9:05  Spore Crawler  
  103  9:07  Baneling x7  
  102  9:15  Zergling x8  
  106  9:19  Baneling x6  
  106  9:20  Baneling x7  
  107  9:24  Drone x4  
  107  9:25  Drone  
  107  9:29  Zergling x10  
  116  9:36  Spore Crawler  
  110  9:39  Zergling x12  
  116  9:47  Zergling x12  
  122  9:57  Zergling x8  
  122  9:58  Zergling x6  
  122  10:03  Zergling x4, Spire  
  122  10:04  Zergling x2  
  124  10:07  Baneling x7  
  124  10:10  Drone  
  124  10:12  Drone  
  126  10:27  Infestation Pit  
  125  10:28  Zergling x2  
  125  10:31  Overlord x3  
  125  10:32  Overlord x2  
  126  10:40  Baneling  
  126  10:41  Baneling x9  
  111  11:11  Zergling x2  
  111  11:12  Zergling x38  
  111  11:17  Corruptor  
  111  11:18  Corruptor x4  
  120  11:27  Extractor  
  120  11:28  Drone x5  
  120  11:29  Drone x7  
  131  11:52  Zergling x20  
  131  11:53  Zergling x6  
  124  12:20  Zergling x2  
  124  12:21  Zergling x34  
  121  12:29  Zergling x10  
  117  12:37  Hive  
  117  12:42  Baneling x11  
  114  12:49  Zergling x10  
  119  12:56  Hatchery  
  112  13:00  Zergling x18  
  108  13:08  Zergling x2  
  108  13:09  Zergling x10  
  100  13:15  Zergling x10  
  95  13:29  Zergling x14  
  91  13:47  Zergling x14  
  91  13:48  Zergling x6  
  94  13:49  Baneling x2  
  93  13:55  Baneling x6  
  93  13:57  Baneling x3  
  93  13:58  Baneling  
  83  14:14  Zergling x4  
  83  14:15  Zergling x2  
  80  14:19  Zergling x2  
  80  14:20  Zergling x14  
Tags
 
Add a new tag
Caveats
  • Supply blocks, unpowered buildings, or Contaminate may cause inaccurate times.
  • Supply counts are checked every 10 seconds.